Map: Frost LE

Players

Nickos - Winner!

  • Race: Terran Terran
  • League: Gold

Kinakusgan

  • Race: Protoss Protoss
  • League: Bronze

VOD

Have the link to the VOD?

Description

Time

  • Played on: Sept. 24, 2016, 6:12 a.m.
  • Length: 10:42
Show
View Real Time Build Order
Export as new Build Order

Nickos Terran - Winner!

Build Orders: MMM Bio 

Get SALT Encoding   

  12  0:00  SCV  
  13  0:13  SCV  
  14  0:17  Supply Depot  
  14  0:25  SCV  
  15  0:39  SCV  
  15  0:41  Barracks  
  16  0:51  SCV  
  17  1:03  SCV  
  18  1:15  SCV  
  19  1:22  Command Center  
  19  1:29  Orbital Command  
  19  1:32  Marine  
  20  1:43  Barracks  
  20  1:50  Supply Depot  
  20  1:52  Marine  
  21  1:57  SCV  
  22  2:07  Bunker  
  22  2:09  SCV  
  22  2:12  Marine  
  24  2:18  Barracks  
  24  2:22  Refinery  
  24  2:24  SCV  
  25  2:35  Orbital Command  
  25  2:36  Marine  
  26  2:43  SCV  
  27  2:44  Refinery  
  27  2:45  Marine  
  28  2:52  Bunker  
  28  2:57  SCV  
  29  2:58  Marine  
  29  3:04  SCV  
  31  3:10  Barracks Tech Lab  
  30  3:17  SCV x2  
  32  3:27  Supply Depot  
  32  3:29  SCV  
  33  3:34  SCV  
  33  3:35  Barracks Reactor  
  33  3:41  SCV  
  35  3:42  Barracks Reactor  
  35  3:44  Refinery  
  35  3:46  SCV  
  36  3:48  Stimpack  
  36  3:53  SCV  
  36  3:54  Marauder  
  39  3:58  Supply Depot  
  39  3:59  SCV  
  40  4:05  SCV  
  40  4:09  Engineering Bay  
  41  4:12  SCV  
  41  4:13  Marine  
  41  4:14  Marine  
  41  4:15  Marine  
  45  4:19  Marine x2  
  45  4:21  SCV  
  45  4:22  Factory  
  45  4:23  Supply Depot  
  48  4:25  SCV  
  49  4:31  Marine  
  49  4:33  SCV  
  49  4:37  Missile Turret, SCV  
  52  4:40  Marine x2  
  52  4:41  Marine x2  
  52  4:45  Supply Depot, SCV  
  57  4:47  Missile Turret  
  57  4:50  SCV  
  58  4:55  Terran Infantry Weapons Level 1  
  58  4:57  SCV  
  58  4:59  Marauder  
  61  5:02  Marine x3  
  61  5:06  SCV  
  65  5:09  Missile Turret, SCV  
  65  5:11  Factory Reactor  
  66  5:14  Starport  
  66  5:19  SCV  
  67  5:21  SCV  
  67  5:22  Supply Depot, Marine  
  67  5:23  Marine  
  67  5:26  Marauder  
  72  5:28  Supply Depot  
  72  5:30  Marine x2  
  72  5:31  SCV  
  72  5:33  SCV  
  76  5:40  Marine  
  77  5:46  SCV  
  77  5:47  Marine, SCV  
  77  5:48  Marine x2  
  82  5:57  Combat Shields  
  82  5:58  SCV, Marine x2  
  82  5:59  SCV  
  82  6:00  Medivac  
  82  6:01  Medivac  
  90  6:07  Supply Depot  
  90  6:10  SCV, Supply Depot, Marine x3  
  94  6:23  Barracks  
  94  6:24  Barracks  
  94  6:27  Barracks  
  94  6:30  Medivac, SCV x2  
  94  6:31  Marine x2  
  94  6:32  Marine x3  
  102  6:39  Missile Turret  
  102  6:42  SCV  
  103  6:49  Terran Infantry Armor Level 1  
  103  6:51  Marauder  
  103  6:53  Marine x2  
  103  6:54  Marine x2  
  109  7:08  Medivac x2, Supply Depot  
  113  7:11  Marine  
  113  7:12  Command Center  
  113  7:13  Supply Depot, SCV x2  
  116  7:18  Barracks Reactor  
  116  7:19  Barracks Reactor  
  116  7:20  Barracks Tech Lab, Marine  
  116  7:21  Marine  
  118  7:26  Marine x2  
  120  7:33  SCV  
  120  7:34  SCV  
  122  7:37  Supply Depot  
  122  7:40  Marine x3  
  122  7:41  Medivac  
  127  7:45  SCV  
  126  8:01  SCV x2  
  126  8:02  Marine x4  
  126  8:03  Marine x3  
  135  8:12  Marine x2  
  135  8:13  SCV, Marine  
  135  8:14  Medivac x2  
  141  8:20  Marine x2  
  141  8:24  Supply Depot  
  141  8:25  Marine  
  143  8:31  Marauder x2  
  143  8:32  Marine x3  
  143  8:33  Marine  
  146  8:37  Orbital Command  
  140  8:44  Medivac x2  
  140  8:47  Marine x3  
  141  8:53  Marine  
  141  8:54  Marine x5  
  144  8:56  Marauder  
  140  9:07  SCV x2  
  140  9:08  SCV  
  132  9:19  SCV  
  132  9:20  Marine  
  131  9:30  Command Center  
  131  9:31  Marine  
  131  9:32  Marine x5  
  137  9:44  Marine x4  
  137  9:45  Medivac x2  
  143  9:52  Supply Depot  
  143  9:56  Missile Turret  
  143  9:57  Marine x5  
  143  9:58  Marine  
  149  10:01  Marine  
  149  10:05  Marine x3  
  153  10:15  Marine x2  
  156  10:23  Marine x4  
Show
View Real Time Build Order
Export as new Build Order

Kinakusgan Protoss 

Build Orders: Double Forge 

Get SALT Encoding   

  12  0:05  Probe (Chrono Boost)  
  13  0:16  Assimilator  
  13  0:20  Probe (Chrono Boost)  
  14  0:27  Pylon  
  14  0:32  Probe (Chrono Boost)  
  15  0:58  Forge  
  15  1:03  Gateway  
  15  1:04  Probe (Chrono Boost)  
  16  1:15  Probe (Chrono Boost)  
  17  1:23  Pylon  
  17  1:43  Probe (Chrono Boost)  
  17  1:45  Gateway  
  18  1:51  Assimilator  
  18  1:53  Probe (Chrono Boost)  
  19  1:56  Pylon  
  19  2:04  Probe (Chrono Boost)  
  20  2:12  Cybernetics Core  
  20  2:14  Probe (Chrono Boost)  
  21  2:22  Gateway  
  21  2:25  Probe (Chrono Boost)  
  21  2:29  Zealot  
  24  2:43  Pylon  
  24  2:48  Warp Gate  
  24  2:55  Mothership Core (Chrono Boost)  
  26  3:16  Forge  
  26  3:18  Probe (Chrono Boost), Forge  
  27  3:40  Pylon  
  27  3:52  Twilight Council  
  27  3:56  Probe (Chrono Boost)  
  28  4:06  Probe (Chrono Boost), Pylon  
  29  4:14  Gateway  
  30  4:17  Gateway, Probe (Chrono Boost)  
  30  4:29  Probe (Chrono Boost)  
  31  4:41  Probe (Chrono Boost), Photon Cannon  
  31  4:45  Photon Cannon  
  33  4:53  Probe (Chrono Boost)  
  33  5:03  Gateway  
  33  5:05  Charge  
  31  5:24  Dark Shrine  
  31  5:52  Robotics Facility  
  31  5:54  Photon Cannon  
  31  5:56  Photon Cannon  
  31  6:01  Gateway  
  31  6:24  Pylon  
  31  6:27  Pylon  
  31  6:29  Pylon  
  31  6:49  Stargate  
  31  6:51  Stargate  
  31  6:53  Stargate  
  31  6:58  Stargate  
  31  7:01  Observer  
  32  7:14  Stalker x3  
  32  7:15  Stalker  
  40  7:23  Observer  
  41  7:30  Stalker  
  44  7:54  Zealot x4  
  44  7:55  Zealot  
  45  8:16  Mothership Core (Chrono Boost)  
  45  8:19  Dark Templar  
  35  8:20  Dark Templar  
  37  8:33  Stalker x2  
  31  9:54  Gateway  
  31  9:55  Gateway  
  31  10:02  Gateway  
  31  10:09  Pylon  
  30  10:15  Dark Templar  
Tags
 
Composition
MMM Bio
Matchup
PvT
Replay Pack
Nickos replay
Add a new tag
Caveats
  • Supply blocks, unpowered buildings, or Contaminate may cause inaccurate times.
  • Supply counts are checked every 10 seconds.